Map: Blackpink LE

Players

Pain

  • Race: Terran Terran
  • Spawn Location: 1:00

A.I. 1 (Hard) - Winner!

  • Race: Zerg Zerg
  • Spawn Location: 7:00

VOD

Have the link to the VOD?

Description

Time

  • Played on: March 21, 2018, 12:54 a.m.
  • Length: 17:01
Show
View Real Time Build Order
Export as new Build Order

Pain Terran 

Build Orders:  

Get SALT Encoding   

  12  0:01  SCV  
  13  0:19  Supply Depot  
  13  0:20  SCV  
  14  0:36  SCV  
  15  0:43  Refinery  
  15  0:45  Barracks  
  15  0:54  SCV  
  16  1:12  SCV  
  17  1:24  SCV  
  18  1:26  Engineering Bay  
  18  1:34  Supply Depot  
  18  1:36  SCV, Barracks Reactor  
  19  1:46  Supply Depot  
  18  2:21  Command Center, Marine x2  
  20  2:33  Orbital Command  
  20  2:38  Marine  
  20  2:41  Marine  
  22  3:03  Refinery  
  22  3:24  Factory  
  22  3:28  Marine  
  22  3:29  Marine  
  24  3:37  Terran Infantry Weapons Level 1  
  24  3:46  Marine x2  
  26  3:55  Factory  
  26  4:04  Marine x2  
  28  4:15  Supply Depot  
  28  4:18  SCV  
  28  4:22  Marine x2  
  31  4:31  SCV  
  32  4:42  Armory  
  32  4:43  SCV  
  33  4:46  SCV  
  34  4:55  SCV  
  34  4:58  SCV  
  36  5:07  SCV  
  36  5:10  SCV  
  26  5:31  Terran Infantry Armor Level 1  
  24  5:37  Marine x2  
  26  5:55  Marine x2  
  28  6:12  Marine  
  28  6:13  Marine  
  30  6:30  Marine x2  
  32  6:33  SCV  
  33  6:45  SCV  
  33  6:46  Hellion  
  33  6:47  Hellion  
  38  6:48  Marine x2  
  38  6:54  Terran Vehicle Weapons Level 1  
  40  6:57  SCV  
  41  7:06  Marine x2  
  41  7:08  Hellion x2  
  47  7:10  SCV  
  48  7:21  Refinery  
  48  7:22  SCV  
  49  7:24  Marine x2  
  49  7:29  Hellion x2  
  55  7:42  Terran Infantry Weapons Level 2, Marine x2  
  57  7:49  SCV  
  57  7:51  Hellion x2  
  62  7:59  Marine  
  62  8:00  Marine  
  62  8:01  SCV  
  65  8:12  Hellion x2  
  69  8:17  Marine  
  70  8:27  Marine  
  70  8:33  Hellion  
  70  8:34  Hellion  
  75  8:35  Marine  
  75  8:36  Supply Depot  
  65  8:45  Marine  
  61  8:53  Marine  
  66  9:00  Supply Depot  
  66  9:02  Marine  
  66  9:05  Barracks  
  66  9:06  Factory Tech Lab  
  66  9:09  Terran Vehicle And Ship Armor Level 1  
  63  9:10  Factory Reactor  
  63  9:11  Marine  
  64  9:20  Marine  
  64  9:22  Starport  
  64  9:23  Supply Depot  
  65  9:26  Starport  
  65  9:28  Marine  
  65  9:30  Supply Depot, SCV  
  67  9:35  Refinery  
  67  9:38  Marine  
  67  9:40  Hellbat  
  67  9:42  SCV  
  71  9:46  Marine  
  72  9:53  Supply Depot  
  72  9:54  SCV  
  72  9:55  Infernal Pre-Igniter  
  72  9:56  Marine  
  74  10:02  Hellion  
  74  10:04  Marine  
  74  10:06  SCV  
  78  10:14  Marine  
  78  10:16  Supply Depot  
  78  10:18  SCV  
  81  10:22  Marine  
  81  10:23  Hellion  
  84  10:31  Marine  
  84  10:36  Barracks Tech Lab  
  84  10:39  Supply Depot  
  84  10:40  Supply Depot, Marine  
  84  10:41  SCV  
  86  10:49  Marine  
  87  10:53  SCV  
  82  10:57  Marine  
  68  11:05  SCV  
  68  11:07  Marine  
  58  11:13  Smart Servos  
  58  11:17  SCV  
  59  11:23  Starport Reactor  
  59  11:24  Medivac  
  61  11:26  Marine  
  61  11:27  Marine x2  
  61  11:30  SCV  
  65  11:33  Hellion  
  67  11:44  Marine x2  
  67  11:45  Marine  
  70  11:52  Combat Shields  
  70  11:54  Medivac  
  70  11:55  Terran Infantry Armor Level 2  
  70  11:59  Terran Vehicle Weapons Level 2  
  72  12:02  Marine x3  
  75  12:12  Factory  
  75  12:20  Marine x3  
  78  12:24  Medivac  
  78  12:29  Hellion  
  86  12:38  Marine x3  
  59  12:54  Thor, Medivac  
  59  12:55  Marine  
  59  12:56  Marine x2  
  70  13:12  Stimpack  
  70  13:13  Marine x2  
  70  13:14  Marine  
  70  13:17  Bunker  
  73  13:22  Unknown  
  73  13:24  Medivac  
  65  13:31  Marine  
  55  13:37  Thor  
  60  13:53  Marine x2  
  60  13:55  Unknown, Hellbat x2  
  66  13:57  Unknown  
  59  14:04  Unknown  
  53  14:16  Hellbat x2  
  56  14:34  Marine x3  
  56  14:38  Hellbat x2  
  63  14:42  Hellbat  
  63  14:52  Marine x3  
  65  14:59  Hellbat  
  68  15:03  Unknown, Hellbat  
  70  15:10  Marine x3  
  73  15:24  Thor  
  73  15:28  Marine x3  
  82  15:43  SCV  
  82  15:46  Marine  
  84  15:56  SCV  
  85  15:58  Unknown  
  85  16:08  SCV  
  86  16:20  SCV  
  86  16:22  Unknown  
  87  16:31  Marine x3  
  87  16:32  SCV  
  91  16:33  Command Center  
Show
View Real Time Build Order
Export as new Build Order

A.I. 1 (Hard) Zerg - Winner!

Build Orders: Pool First 

Get SALT Encoding   

  12  0:00  Drone  
  13  0:12  Overlord  
  13  0:17  Drone  
  14  0:30  Drone  
  14  0:32  Drone  
  16  0:42  Spawning Pool  
  15  0:44  Drone  
  15  0:48  Drone  
  17  0:52  Extractor  
  17  0:55  Drone  
  17  1:06  Overlord  
  17  1:29  Queen  
  17  1:31  Zergling x2  
  20  1:33  Zergling x2  
  20  1:37  Roach Warren  
  20  1:38  Drone  
  21  1:41  Extractor  
  20  1:49  Drone  
  20  1:52  Baneling Nest  
  20  2:00  Drone  
  21  2:10  Drone  
  22  2:21  Zergling x2  
  23  2:32  Drone  
  23  2:36  Baneling, Overlord, Zergling x2  
  25  2:39  Zergling x2  
  25  2:41  Baneling x2  
  25  2:44  Zergling x2  
  27  2:54  Drone  
  28  3:05  Zergling x2  
  29  3:08  Overlord, Zergling x2  
  29  3:10  Zergling x2  
  31  3:16  Baneling  
  31  3:17  Zergling x2  
  31  3:19  Baneling  
  32  3:24  Baneling  
  32  3:28  Zergling x2  
  33  3:36  Evolution Chamber  
  33  3:39  Drone  
  33  3:40  Zergling x2, Drone  
  35  3:42  Drone  
  36  3:50  Drone  
  37  4:01  Drone  
  38  4:11  Drone  
  38  4:13  Overlord, Drone  
  40  4:43  Metabolic Boost, Roach  
  40  4:44  Overlord  
  42  4:46  Evolution Chamber  
  42  4:47  Drone  
  44  4:52  Roach  
  44  4:53  Zerg Melee Weapons Level 1  
  44  5:02  Roach  
  46  5:11  Zerg Missile Weapons Level 1, Lair  
  39  5:37  Roach  
  41  5:47  Roach  
  43  5:56  Roach  
  43  6:07  Spore Crawler  
  43  6:09  Burrow  
  43  6:10  Hydralisk Den, Drone  
  40  6:13  Drone, Infestation Pit  
  40  6:14  Spore Crawler  
  40  6:15  Drone  
  40  6:20  Overseer  
  40  6:28  Hatchery  
  39  6:39  Drone  
  40  6:40  Hydralisk  
  40  6:41  Overseer  
  42  6:47  Zerg Ground Armor Level 1  
  42  6:50  Swarm Host  
  42  6:51  Spine Crawler  
  44  6:57  Spine Crawler  
  44  6:59  Hydralisk  
  48  7:19  Queen  
  48  7:20  Spire  
  49  7:41  Drone  
  49  7:43  Drone, Spore Crawler  
  50  7:46  Spore Crawler  
  50  7:48  Drone  
  50  7:49  Spore Crawler  
  49  7:55  Drone  
  50  7:59  Drone  
  50  8:02  Drone  
  52  8:06  Drone  
  52  8:10  Drone  
  54  8:15  Overlord  
  54  8:18  Drone  
  55  8:21  Drone  
  55  8:24  Drone  
  58  8:27  Drone  
  58  8:30  Drone  
  58  8:33  Drone  
  60  8:35  Drone  
  60  8:39  Drone  
  59  8:52  Hive  
  59  9:10  Overlord  
  59  9:12  Overseer  
  59  9:22  Extractor  
  58  9:25  Extractor  
  57  9:36  Overlord  
  57  9:43  Hydralisk  
  59  9:53  Zergling x2  
  59  9:55  Pneumatized Carapace  
  60  10:07  Ultralisk Cavern, Overseer  
  59  10:26  Hatchery  
  59  10:27  Overlord  
  58  10:47  Overlord  
  58  10:49  Hydralisk  
  60  10:53  Roach  
  60  10:58  Hydralisk, Overseer  
  55  11:08  Zergling x2  
  55  11:09  Overlord  
  56  11:18  Drone, Ultralisk  
  63  11:21  Drone  
  63  11:24  Drone  
  65  11:26  Hydralisk  
  65  11:27  Drone  
  65  11:30  Drone  
  69  11:35  Overlord  
  69  11:36  Hydralisk  
  69  11:38  Drone  
  72  11:43  Drone  
  72  11:46  Drone, Ultralisk  
  80  11:50  Drone  
  80  11:52  Drone  
  82  11:55  Ultralisk, Drone  
  82  11:57  Drone  
  82  12:00  Drone  
  91  12:02  Drone  
  91  12:04  Ultralisk, Drone  
  91  12:06  Drone  
  91  12:07  Drone  
  101  12:11  Overlord  
  101  12:14  Drone  
  102  12:15  Drone  
  102  12:17  Drone  
  102  12:19  Drone  
  102  12:21  Drone  
  102  12:22  Drone  
  107  12:24  Drone  
  107  12:25  Drone  
  107  12:27  Drone  
  107  12:29  Drone  
  111  12:30  Drone  
  111  12:33  Overlord  
  111  12:35  Drone  
  113  12:42  Zergling x2  
  113  12:49  Ultralisk  
  113  12:51  Overlord  
  119  12:56  Ultralisk x2  
  125  13:02  Infestor, Zerg Melee Weapons Level 2  
  127  13:07  Zerg Ground Armor Level 2  
  127  13:10  Overlord  
  127  13:11  Hydralisk  
  127  13:17  Pathogen Glands  
  127  13:20  Zerg Flyer Weapons Level 1  
  119  13:31  Ultralisk  
  119  13:34  Extractor  
  119  13:36  Extractor, Drone  
  119  13:37  Hydralisk, Drone  
  121  13:43  Hydralisk  
  117  13:59  Ultralisk  
  119  14:04  Hydralisk  
  119  14:05  Hydralisk  
  119  14:11  Hydralisk  
  121  14:31  Hydralisk, Spine Crawler  
  120  14:32  Drone  
  120  14:38  Hydralisk  
  116  14:41  Spine Crawler  
  116  14:42  Drone  
  116  14:43  Spore Crawler  
  116  14:44  Drone  
  116  14:45  Spore Crawler  
  117  14:47  Drone  
  117  14:50  Overlord  
  118  14:55  Queen  
  120  15:00  Queen  
  120  15:02  Overseer  
  120  15:04  Overlord  
  122  15:10  Spine Crawler  
  121  15:15  Spine Crawler, Drone  
  121  15:18  Overlord, Overseer  
  121  15:27  Chitinous Plating  
  121  15:36  Overlord  
  121  16:02  Overlord  
  121  16:03  Overlord, Overseer  
  121  16:10  Roach, Ultralisk  
  123  16:14  Hatchery  
  123  16:15  Roach  
  124  16:20  Roach  
  124  16:22  Overlord  
  124  16:25  Roach  
  128  16:30  Roach  
  128  16:31  Viper  
  133  16:36  Overseer  
  134  16:40  Zergling x2  
  134  16:42  Overlord  
Tags
 
Matchup
TvZ
Opening
Pool First
Replay Pack
RP
Spawn Locations
Cross Positions
Add a new tag
Caveats
  • Supply blocks, unpowered buildings, or Contaminate may cause inaccurate times.
  • Supply counts are checked every 10 seconds.